 Dungeon Crawl Stone Soup version 0.30.1-8-g117510f58f (webtiles) character file.

Game seed: 2921326557448415113

217 NullDivider the Stinger (level 5, -6/31 HPs)
             Began as an Octopode Venom Mage on Sept 22, 2023.
             Mangled by an orc warrior
             ... wielding a +0 battleaxe
              (17 damage)
             ... on level 4 of the Dungeon.
             The game lasted 00:19:19 (3398 turns).

NullDivider the Stinger (Octopode Venom Mage)       Turns: 3398, Time: 00:19:20

Health: -6/31      AC:  1    Str:  7    XL:     5   Next: 94%
Magic:  21/27      EV: 14    Int: 17    God:
Gold:   203        SH:  0    Dex: 15    Spells: 3/10 levels left

rFire   x . .        n - staff of poison "Kedemn" {rElec rPois rF- MP+9 SInv}
rCold   . . .        (no shield)
rNeg    . . .        (helmet restricted)
rPois   +            (no amulet)
rElec   +            g - ring of magical power
rCorr   .            (no ring)
SInv    +            (no ring)
Will    .....        (no ring)
Stlth   ++++         (no ring)
HPRegen 0.25/turn    (no ring)
MPRegen 0.20/turn    (no ring)
                     (no ring)

%: no passive effects
@: no status effects
A: almost no armour, amphibious, 8 rings, camouflage 1, gelatinous body 1,
(nimble swimmer 1), tentacles
a: no special abilities


You were on level 4 of the Dungeon.
You visited 1 branch of the dungeon, and saw 4 of its levels.

You collected 203 gold pieces.

Inventory:

Magical Staves
 n - the staff of poison "Kedemn" (weapon) {rElec rPois rF- MP+9 SInv}
   (You found it on level 3 of the Dungeon)

   [staff of poison]

   Base accuracy: +5 Base damage: 5 Base attack delay: 1.2 This weapon's minimum
   attack delay (0.6) is reached at skill level 12.
   rF:        It makes you vulnerable to fire.
   rElec:     It insulates you from electricity.
   rPois:     It protects you from poison.
   MP:        It affects your magic capacity (+9).
   SInv:      It lets you see invisible.
   It falls into the 'Staves' category.
   It is a one-tentacled weapon.
Jewellery
 g - a ring of magical power (left tentacle)
Wands
 l - a wand of polymorph (11)
 q - a wand of acid (4)
Scrolls
 b - 3 scrolls of teleportation {unknown}
 d - a scroll of magic mapping {unknown}
 e - a scroll of acquirement {unknown}
 h - a scroll of amnesia {unknown}
 i - a scroll of vulnerability {unknown}
 j - a scroll of poison {unknown}
 o - a scroll of fog {unknown}
 p - a scroll of enchant armour {unknown}
 r - 2 scrolls of identify {unknown}
 s - 2 scrolls of enchant weapon {unknown}
Potions
 a - a potion of magic
 c - 2 potions of flight {unknown}
 f - 6 potions of heal wounds
 k - a potion of might {unknown}
 m - a potion of curing {unknown}
 t - a potion of brilliance {unknown}
 u - 2 potions of haste {unknown}


   Skills:
 + Level 3.1 Dodging
 + Level 4.4 Stealth
 + Level 3.0 Spellcasting
 - Level 1.0 Transmutations
 + Level 2.1 Air Magic
 + Level 4.7 Poison Magic


You had 3 spell levels left.
You knew the following spells:

 Your Spells              Type           Power      Damage    Failure   Level
a - Sting                 Tmut/Pois      72%        1d6       5%          1
b - Poisonous Vapours     Pois/Air       42%        N/A       6%          2
c - Mephitic Cloud        Conj/Pois/Air  15%        N/A       21%         3
d - Slow                  Hex            8%         N/A       17%         1

Your spell library contained the following spells:

 Spells                   Type           Power      Damage    Failure   Level
 Cigotuvi's Dreadful Rot  Necr/Pois/Air  30%        N/A       11%         2
 Ignite Poison            Fire/Tmut/Pois 13%        N/A       24%         3
 Vhi's Electric Charge    Tloc/Air       12%        N/A       34%         3
 Confusing Touch          Hex            2%         N/A       45%         3
 Portal Projectile        Hex/Tloc       4%         N/A       45%         3
 Tukima's Dance           Hex            2%         N/A       45%         3
 Vampiric Draining        Necr           2%         2d6       45%         3
 Olgreb's Toxic Radiance  Pois           27%        N/A       26%         4
 Arcjolt                  Conj/Air       3%         1d13      97%         5
 Blade Hands              Tmut           3%         N/A       97%         5
 Freezing Cloud           Conj/Ice/Air   2%         6-21      98%         5
 Maxwell's Capacitive Co  Air            4%         ∞         100%        8


Dungeon Overview and Level Annotations

Branches:
Dungeon (4/15)
 Temple: D:4-7

Altars:
Elyvilon
Hepliaklqana
Qazlal
Ru
The Shining One


Innate Abilities, Weirdness & Mutations

You cannot wear most types of armour.
You are amphibious.
You can wear up to eight rings at the same time.
Your skin changes colour to match your surroundings (Stealth+).
Your rubbery body absorbs attacks. (AC +1, EV +1)
((You are camouflaged when in or above water. (Stealth+)))
You have tentacles for arms and can constrict up to eight enemies at once.


Message History

Press: ? - help, Shift-Dir - straight line, f/p - orc warrior
Aim: an orc warrior, wielding a +0 battleaxe and wearing a +0 plate armour (lightly wounded, very poisoned, chance to affect: 35%)
The orc warrior seems to slow down.
Casting: Slow (safe; 17% risk of failure)
Confirm with . or Enter, or press ? or * to list all spells.
Aiming: Poisonous Vapours (safe; 6% risk of failure)
Press: ? - help, Dir - move target, f/p - orc warrior
Aim: an orc warrior, wielding a +0 battleaxe and wearing a +0 plate armour (lightly wounded, very poisoned, slow)
You feel a surge of power!
You miscast Poisonous Vapours.
You are very lightly contaminated with residual magic.
Nothing appears to happen.
The orc warrior is no longer moving slowly.
Casting: Poisonous Vapours (safe; 6% risk of failure)
Confirm with . or Enter, or press ? or * to list all spells.
Aiming: Poisonous Vapours (safe; 6% risk of failure)
Press: ? - help, Dir - move target, f/p - orc warrior
Aim: an orc warrior, wielding a +0 battleaxe and wearing a +0 plate armour (moderately wounded, poisoned)
You feel a surge of power!
Poisonous vapours surround the orc warrior!
The orc warrior looks even sicker.
The orc warrior attacks as you move away!
The orc warrior closely misses you.
You hear the rapid rusting of a very distant drain.
Your magical contamination has completely faded away.
The orc warrior attacks as you move away!
The orc warrior hits you with a +0 battleaxe.
The orc warrior attacks as you move away!
The orc warrior hits you with a +0 battleaxe!
The orc warrior attacks as you move away!
The orc warrior barely misses you.
The orc warrior attacks as you move away!
The orc warrior hits you with a +0 battleaxe!
The orc warrior attacks as you move away!
The orc warrior misses you.
The orc warrior attacks as you move away!
The orc warrior barely misses you.
The orc warrior attacks as you move away!
The orc warrior hits you with a +0 battleaxe!
Ouch! That really hurt!
You die...

.......#.###.......##
##...##(.......####..##
...###....#....## ##..#
##..............# ###.###
####...#.......# #.....#
###...##.#.....# #.###.#
##...#.##.#....## #.# #.#
#...............###.###.#
...#.<..........@o......#
###..)).....######8###..#
#.........).# ##.##.##..#
..#.#..)....# #..###.#..#
.##.#.......####(..#.#..#
.##.#.......##.8.##.##..#
....#......[#.#....#.#..#
............#.#....###..#
.....#####.....)....##..#


You could see an orc warrior (poisoned).

Vanquished Creatures
  An orc priest (D:4)
  An orc wizard (D:4)
  A gnoll (D:2)
  5 adders
  An ufetubus (D:4)
  A worm (D:2)
  5 dart slugs
  8 orcs
  A bat zombie (D:4)
  6 endoplasms
  3 giant cockroaches
  6 goblins
  8 hobgoblins
  4 jackals (D:1)
  3 quokkas
  3 ball pythons
  7 bats
  6 frilled lizards
  6 kobolds
  7 rats
83 creatures vanquished.

Notes
Turn   | Place    | Note
-------+----------+-------------------------------------------
     0 | D:1      | NullDivider the Octopode Venom Mage began the quest for the
                  | Orb.
     0 | D:1      | Reached XP level 1. HP: 11/11 MP: 3/3
   160 | D:1      | Reached XP level 2. HP: 14/17 MP: 5/5
   173 | D:1      | Learned a level 2 spell: Poisonous Vapours
   536 | D:1      | Reached XP level 3. HP: 20/21 MP: 2/6
   540 | D:1      | Learned a level 3 spell: Mephitic Cloud
  1073 | D:2      | Reached skill level 1 in Air Magic
  1503 | D:2      | Reached XP level 4. HP: 27/27 MP: 7/7
  2125 | D:3      | Found a glowing golden altar of the Shining One.
  2126 | D:3      | Found a hazy altar of Hepliaklqana.
  2127 | D:3      | Found a stormy altar of Qazlal.
  2128 | D:3      | Found a sacrificial altar of Ru.
  2250 | D:3      | Identified the staff of poison "Kedemn" {rElec rPois rF-
                  | MP+9 SInv}
  2339 | D:3      | Reached XP level 5. HP: 31/31 MP: 9/9
  2352 | D:3      | Found a white marble altar of Elyvilon.
  2447 | D:3      | Learned a level 1 spell: Slow
  2493 | D:3      | Found a faded altar of an unknown god.
  3373 | D:4      | Noticed an orc warrior
  3398 | D:4      | Mangled by an orc warrior

Illustrated notes

Levels and vault maps discovered:
D:1:      zelgadis_glass_arrival_small, layout_loops_ring
D:2:      minmay_chambers_of_ones, layout_basic
D:3:      layout_basic, minitemple, elyvilon_altar_3,
          shapermc_ecumenical_altar_mp_ritualfount, kennysheep_doodads
D:4:      layout_rooms, kennysheep_vampire_church, gup_sewer_entry_bubbles,
          guppyfry_early_orc_mine

Skill      XL: |  1  2  3  4  5 |
---------------+----------------+-----
Stealth        | 3 4 |  4.4
Poison Magic   | 4 |  4.7
Air Magic      | 1 2 |  2.1
Dodging        | 3 |  3.1
Spellcasting   | 3 |  3.0
Transmutations | |  1.0

Action                     |  1- 3 |  4- 6 || total
---------------------------+-------+-------++-------
  Melee: Unarmed           |    73 |    32 ||   105
         Tentacles         |    21 |    16 ||    37
         Constrict         |    20 |    24 ||    44
         Punch             |     2 |       ||     2
         Staff             |       |    40 ||    40
   Cast: Sting             |    22 |    29 ||    51
         Poisonous Vapours |     6 |    23 ||    29
         Slow              |       |     2 ||     2
         Mephitic Cloud    |       |     1 ||     1
    Use: Potion            |       |     1 ||     1
   Stab: Sleeping          |    16 |     7 ||    23
         Confused          |       |     1 ||     1
 Armour: Skin              |     2 |     5 ||     7
  Dodge: Dodged            |    36 |    66 ||   102
